Senateurs vs Kings (R1)

Created - 20 novembre 2015 at 19:30

Goals
1 2 3 T
Senateurs 1 0 0 1
Kings 1 1 0 2
Shots
1 2 3 T
Senateurs 9 13 8 30
Kings 11 12 5 28

1st period

1. Senateurs , Brenden Morrow 11 (Gilbert Brule) at 8:57 (PP)
2. Kings , Boyd Devereaux 5 (Scottie Upshall) at 17:26

Penalties :
Johnny Oduya (LAK) for Cross-checking (Minor) at 8:44, Andrei Kostitsyn (LAK) for Hooking (Minor) at 11:12, B.J. Crombeen (Ott) for Slashing (Minor) at 18:18

2nd period

3. Kings , Vladimir Tarasenko 5 (Matt Duchene, Johnny Oduya) at 4:28

Penalties :
Lubomir Visnovsky (LAK) for High sticking (Minor) at 5:45, B.J. Crombeen (Ott) for Tripping (Minor) at 11:36, Andrei Kostitsyn (LAK) for Cross-checking (Minor) at 17:55

3rd period

No Goal

Penalties :
Kurtis Foster (Ott) for Boarding (Minor) at 1:50, B.J. Crombeen (Ott) for Hooking (Minor) at 4:32, Tomas Kaberle (LAK) for Hooking (Minor) at 12:03

Goalie Stats

Ondrej Pavelec (Ott), 26 saves from 28 shots - (0,929), L, 13-3-1, 59:59 minutes
Viktor Fasth (LAK), 29 saves from 30 shots - (0,967), W, 8-6-0, 60:00 minutes

Players Stats for Senateurs

Player Name              G  A  P  +/- PIM S  H  SB GA TA FO     MP     PP MP  PK MP  
------------------------------------------------------------------------------------
Ales Kotalik             0  0  0   0  0   2  1  1  0  0  0/0     8:54   0:00   0:00 
Andrew Ebbett            0  0  0   0  0   1  1  0  0  0  1/3     8:38   0:00   0:06 
Andy Hilbert             0  0  0   0  0   0  0  0  1  0  1/1    10:10   0:00   1:14 
Andy McDonald            0  0  0  -1  0   3  1  0  0  0  0/0    10:35   0:00   0:59 
B.J. Crombeen            0  0  0  -1  6   1  1  1  0  0  1/1     9:39   0:00   0:00 
Brandon Dubinsky         0  0  0  -1  0   4  0  0  0  0  6/8     9:15   0:00   0:00 
Brenden Morrow           1  0  1   0  0   2  2  0  1  1  1/2    22:04   4:28   4:28 
Carlo Colaiacovo         0  0  0   0  0   1  2  2  0  0  0/0    20:01   3:04   3:05 
Dan Girardi              0  0  0   0  0   1  4  0  0  0  0/0    11:35   0:00   1:24 
Dan Hamhuis              0  0  0  -2  0   1  3  2  0  0  0/0    29:55   5:05   4:51 
Darcy Hordichuk          0  0  0  -1  0   2  3  0  1  0  1/2    18:34   3:41   2:17 
Daymond Langkow          0  0  0  -1  0   2  3  0  0  0  7/15   18:37   3:41   2:17 
Gilbert Brule            0  1  1   0  0   3  0  0  2  1  10/32  22:07   4:28   4:31 
Jean-Pierre Dumont       0  0  0   0  0   1  2  0  0  0  1/1    17:33   4:28   0:00 
Kurtis Foster            0  0  0  -2  2   0  4  2  3  0  0/0    28:29   5:05   3:27 
Todd Bertuzzi            0  0  0  -1  0   3  1  0  0  0  0/0    16:13   3:41   0:00 
Vitaly Vishnevsky        0  0  0   0  0   1  1  1  1  1  0/0    19:54   3:04   3:05 
Vladimir Mihalik         0  0  0   0  0   2  0  0  0  0  0/0     9:47   0:00   0:00 

Players Stats for Kings

Player Name              G  A  P  +/- PIM S  H  SB GA TA FO     MP     PP MP  PK MP  
------------------------------------------------------------------------------------
Andrei Kostitsyn         0  0  0   1  4   1  3  0  0  0  0/0    16:56   4:31   0:58 
Anze Kopitar             0  0  0   0  0   3  2  0  0  0  13/24  19:41   4:31   1:18 
Boyd Devereaux           1  0  1   1  0   1  1  0  0  1  9/16   16:04   0:00   4:42 
Dion Phaneuf             0  0  0   1  0   3  1  0  0  0  0/0    25:03   4:50   3:17 
Drew Doughty             0  0  0   0  0   2  0  1  0  1  0/0    19:41   4:50   3:22 
Dustin Byfuglien         0  0  0   0  0   2  2  1  1  0  1/2     9:20   0:00   2:15 
Guillaume Latendresse    0  0  0   0  0   0  1  0  0  0  1/2    17:29   3:25   0:14 
Johnny Oduya             0  1  1   1  2   3  1  1  0  2  0/0    23:31   3:06   3:57 
Jordan Nolan             0  0  0   0  0   1  2  0  0  0  4/6    11:45   4:31   0:00 
Lubomir Visnovsky        0  0  0   0  2   0  0  0  0  2  0/0    14:25   0:00   3:53 
Martin Samuelsson        0  0  0   0  0   0  0  0  1  0  0/0    11:43   0:00   4:52 
Matt Duchene             0  1  1   1  0   2  0  0  0  0  8/14   15:01   3:25   0:00 
Maxim Afinogenov         0  0  0   0  0   3  2  0  1  0  0/0    17:43   3:06   0:00 
Miroslav Satan           0  0  0   1  0   2  2  0  0  0  0/0    11:22   0:00   0:00 
Scottie Upshall          0  1  1   1  0   3  1  0  0  0  0/0    13:51   0:00   2:15 
Tomas Kaberle            0  0  0   1  2   1  3  2  0  2  0/0    16:31   0:00   0:14 
Trevor Daley             0  0  0   1  0   0  1  2  0  1  0/0    16:39   0:00   1:19 
Vladimir Tarasenko       1  0  1   1  0   1  3  0  0  0  0/1    15:01   3:25   0:00 

3 Stars

1 - Viktor Fasth (LAK)
2 - Vladimir Tarasenko (LAK)
3 - Boyd Devereaux (LAK)

Power Play

Senateurs - 1 on 5 Attempt(s) - 20,00%
Kings - 0 on 4 Attempt(s) - 0,00%

Penalty Kill

Senateurs - 4 on 4 Attempt(s) - 100,00% - Score 0 goal in Penalty Kill
Kings - 4 on 5 Attempt(s) - 80,00% - Score 0 goal in Penalty Kill

Team Stat

Senateurs - Hits : 29 - Faceoff Wins : 29 - Blocked Shots : 9 - Penalty Minutes : 8
Kings - Hits : 25 - Faceoff Wins : 36 - Blocked Shots : 7 - Penalty Minutes : 10

Official

Referees : Auger Stephane and Rehman Kyle
Linesman : Thor Nelson and Lonnie Cameron

Game Notes

No Game Note

Finance

Level 1 -- Attendance: 6000 (100,00%) -- Ticket Income 390 000 $
Level 2 -- Attendance: 4680 (93,60%) -- Ticket Income 187 200 $
Level 3 -- Attendance: 2000 (100,00%) -- Ticket Income 40 000 $
Level 4 -- Attendance: 4000 (100,00%) -- Ticket Income 60 000 $
Luxury Box -- Attendance: 1000 (100,00%) -- Ticket Income 125 000 $
Game was played at the Staples Center'
Total Attendance: 17680 (98,22%)
Total Ticket Income: 802 200 $
Other Income: 120 330 $
Total Income: 922 530 $

Senateurs

5 vs 5 Forward 
   Center                   Left Wing                Right Wing               Time % Phy DF OF 
 1 Gilbert Brule            Brenden Morrow           Jean-Pierre Dumont       38     0   2  3  
 2 Daymond Langkow          Darcy Hordichuk          Todd Bertuzzi            31     0   2  3  
 3 Brandon Dubinsky         Andy McDonald            B.J. Crombeen            21     1   2  2  
 4 Andrew Ebbett            Andy Hilbert             Ales Kotalik             10     1   2  2  

5 vs 5 Defense 
   Defense                  Defense                                           Time % Phy DF OF 
 1 Dan Hamhuis              Kurtis Foster                                     40     1   2  2  
 2 Vitaly Vishnevsky        Carlo Colaiacovo                                  30     1   2  2  
 3 Vladimir Mihalik         Dan Girardi                                       20     1   2  2  
 4 Dan Hamhuis              Kurtis Foster                                     10     1   2  2  

PowerPlay Forward 
   Center                   Left Wing                Right Wing               Time % Phy DF OF 
 1 Gilbert Brule            Brenden Morrow           Jean-Pierre Dumont       60     0   2  3  
 2 Daymond Langkow          Darcy Hordichuk          Todd Bertuzzi            40     0   2  3  

PowerPlay Defense
   Defense                  Defense                                           Time % Phy DF OF 
 1 Dan Hamhuis              Kurtis Foster                                     60     1   2  2  
 2 Vitaly Vishnevsky        Carlo Colaiacovo                                  40     1   2  2  

Penalty Kill 4 Players Forward 
   Center                   Wing                     Time % Phy DF OF 
 1 Gilbert Brule            Brenden Morrow           60     0   3  2  
 2 Daymond Langkow          Darcy Hordichuk          40     0   3  2  

Penalty Kill 4 Players Defense
   Defense                  Defense                  Time % Phy DF OF 
 1 Dan Hamhuis              Kurtis Foster            60     1   2  2  
 2 Vitaly Vishnevsky        Carlo Colaiacovo         40     1   2  2  

Penalty Kill - 3 Players Forward 
   Forward                                           Time % Phy DF OF 
 1 Brenden Morrow                                    60     1   2  2  
 2 Gilbert Brule                                     40     1   2  2  

Penalty Kill - 3 Players Defense
   Defense                  Defense                  Time % Phy DF OF 
 1 Dan Hamhuis              Kurtis Foster            60     1   2  2  
 2 Vitaly Vishnevsky        Carlo Colaiacovo         40     1   2  2  

4 vs 4 Forward 
   Center                   Wing                     Time % Phy DF OF 
 1 Brenden Morrow           Gilbert Brule            60     1   2  2  
 2 Darcy Hordichuk          Daymond Langkow          40     1   2  2  

4 vs 4 Defense
   Defense                  Defense                  Time % Phy DF OF 
 1 Dan Hamhuis              Kurtis Foster            60     1   2  2  
 2 Vitaly Vishnevsky        Carlo Colaiacovo         40     1   2  2  

Last Minutes Offensive
   Center                   Left Wing                Right Wing               Defense                  Defense                  
   Gilbert Brule            Brenden Morrow           Jean-Pierre Dumont       Dan Hamhuis              Kurtis Foster            

Last Minutes Defensive
   Center                   Left Wing                Right Wing               Defense                  Defense                  
   Gilbert Brule            Brenden Morrow           Jean-Pierre Dumont       Dan Hamhuis              Kurtis Foster            

Goaltenders
Starting : Ondrej Pavelec           
Backup : Marty Turco              

Extra Forwards
Normal : Andy McDonald, B.J. Crombeen, Andy Hilbert - PP : Andy McDonald, B.J. Crombeen - PK : Andy Hilbert
Extra Defensemen
Normal : Vladimir Mihalik, Dan Girardi, Dan Hamhuis - PP : Vladimir Mihalik - PK : Dan Girardi, Dan Hamhuis
Penalty Shots
Brenden Morrow, Gilbert Brule, Darcy Hordichuk, Daymond Langkow, Jean-Pierre Dumont

Kings

5 vs 5 Forward 
   Center                   Left Wing                Right Wing               Time % Phy DF OF 
 1 Anze Kopitar             Guillaume Latendresse    Maxim Afinogenov         30     1   1  3  
 2 Matt Duchene             Andrei Kostitsyn         Vladimir Tarasenko       30     0   3  2  
 3 Boyd Devereaux           Scottie Upshall          Miroslav Satan           25     0   3  2  
 4 Jordan Nolan             Martin Samuelsson        Dustin Byfuglien         15     0   4  1  

5 vs 5 Defense 
   Defense                  Defense                                           Time % Phy DF OF 
 1 Dion Phaneuf             Tomas Kaberle                                     40     1   3  1  
 2 Johnny Oduya             Trevor Daley                                      35     1   3  1  
 3 Drew Doughty             Lubomir Visnovsky                                 25     1   3  1  
 4 Dion Phaneuf             Drew Doughty                                      0      1   3  1  

PowerPlay Forward 
   Center                   Left Wing                Right Wing               Time % Phy DF OF 
 1 Anze Kopitar             Andrei Kostitsyn         Jordan Nolan             60     1   1  3  
 2 Matt Duchene             Guillaume Latendresse    Vladimir Tarasenko       40     0   2  3  

PowerPlay Defense
   Defense                  Defense                                           Time % Phy DF OF 
 1 Drew Doughty             Dion Phaneuf                                      60     0   2  3  
 2 Johnny Oduya             Maxim Afinogenov                                  40     0   3  2  

Penalty Kill 4 Players Forward 
   Center                   Wing                     Time % Phy DF OF 
 1 Boyd Devereaux           Martin Samuelsson        60     0   4  1  
 2 Dustin Byfuglien         Scottie Upshall          40     0   4  1  

Penalty Kill 4 Players Defense
   Defense                  Defense                  Time % Phy DF OF 
 1 Lubomir Visnovsky        Johnny Oduya             60     1   4  0  
 2 Dion Phaneuf             Drew Doughty             40     1   4  0  

Penalty Kill - 3 Players Forward 
   Forward                                           Time % Phy DF OF 
 1 Boyd Devereaux                                    60     0   4  1  
 2 Dustin Byfuglien                                  40     0   4  1  

Penalty Kill - 3 Players Defense
   Defense                  Defense                  Time % Phy DF OF 
 1 Lubomir Visnovsky        Johnny Oduya             60     1   4  0  
 2 Drew Doughty             Dion Phaneuf             40     1   4  0  

4 vs 4 Forward 
   Center                   Wing                     Time % Phy DF OF 
 1 Anze Kopitar             Guillaume Latendresse    60     1   2  2  
 2 Matt Duchene             Andrei Kostitsyn         40     1   2  2  

4 vs 4 Defense
   Defense                  Defense                  Time % Phy DF OF 
 1 Dion Phaneuf             Drew Doughty             60     1   2  2  
 2 Johnny Oduya             Trevor Daley             40     1   2  2  

Last Minutes Offensive
   Center                   Left Wing                Right Wing               Defense                  Defense                  
   Anze Kopitar             Andrei Kostitsyn         Maxim Afinogenov         Drew Doughty             Dion Phaneuf             

Last Minutes Defensive
   Center                   Left Wing                Right Wing               Defense                  Defense                  
   Boyd Devereaux           Martin Samuelsson        Dustin Byfuglien         Dion Phaneuf             Johnny Oduya             

Goaltenders
Starting : Viktor Fasth             
Backup : Jean-Sébastien Giguère   

Extra Forwards
Normal : Jordan Nolan, Matt Duchene, Dustin Byfuglien - PP : Scottie Upshall, Dustin Byfuglien - PK : Anze Kopitar
Extra Defensemen
Normal : Drew Doughty, Dion Phaneuf, Johnny Oduya - PP : Trevor Daley - PK : Trevor Daley, Tomas Kaberle
Penalty Shots
Anze Kopitar, Maxim Afinogenov, Guillaume Latendresse, Andrei Kostitsyn, Boyd Devereaux

% Time on Ice - Senateurs

Lines # - Real PCT - Wanted PCT - Time Play
Normal Forward
1 - 30% - 38% - 13:17
2 - 29% - 31% - 12:51
3 - 21% - 21% - 9:15
4 - 19% - 10% - 8:32
Normal Defense
1 - 42% - 40% - 18:34
2 - 32% - 30% - 14:14
3 - 22% - 20% - 9:47
4 - 3% - 10% - 1:20
PP Forward
1 - 55% - 60% - 4:28
2 - 45% - 40% - 3:41
PP Defense
1 - 62% - 60% - 5:05
2 - 38% - 40% - 3:04
PK Forward
1 - 71% - 60% - 5:39
2 - 29% - 40% - 2:17
PK Defense
1 - 61% - 60% - 4:51
2 - 39% - 40% - 3:05
PK3 Forward
1 - 0% - 60%
2 - 0% - 40%
PK3 Defense
1 - 0% - 60%
2 - 0% - 40%
44 Forward
1 - 0% - 60%
2 - 0% - 40%
44 Defense
1 - 0% - 60%
2 - 0% - 40%
Last Minute Offensive  - 0:00
Last Minute Defensive  - 0:00
Total
Forward - 60:00
Defense - 60:00

% Time on Ice - Kings

Lines # - Real PCT - Wanted PCT - Time Play
Normal Forward
1 - 32% - 30% - 13:52
2 - 27% - 30% - 11:50
3 - 26% - 25% - 11:22
4 - 16% - 15% - 6:51
Normal Defense
1 - 39% - 40% - 17:00
2 - 37% - 35% - 16:22
3 - 23% - 25% - 10:07
4 - 1% - 0% - 0:26
PP Forward
1 - 57% - 60% - 4:31
2 - 43% - 40% - 3:25
PP Defense
1 - 61% - 60% - 4:50
2 - 39% - 40% - 3:06
PK Forward
1 - 72% - 60% - 5:54
2 - 28% - 40% - 2:15
PK Defense
1 - 67% - 60% - 5:29
2 - 33% - 40% - 2:40
PK3 Forward
1 - 0% - 60%
2 - 0% - 40%
PK3 Defense
1 - 0% - 60%
2 - 0% - 40%
44 Forward
1 - 0% - 60%
2 - 0% - 40%
44 Defense
1 - 0% - 60%
2 - 0% - 40%
Last Minute Offensive  - 0:00
Last Minute Defensive  - 0:00
Total
Forward - 60:00
Defense - 60:00

Play by Play

1st period


0:01 of 1st period - Anze Kopitar wins face-off versus Gilbert Brule in neutral zone.
0:18 of 1st period - Off-side.
0:19 of 1st period - Daymond Langkow wins face-off versus Vladimir Tarasenko in neutral zone.
0:44 of 1st period - Brandon Dubinsky is hit by Trevor Daley and loses puck.
0:49 of 1st period - Snap shot by Drew Doughty.
0:49 of 1st period - Stopped by Ondrej Pavelec with a rebound.
1:02 of 1st period - Icing by Carlo Colaiacovo.
1:03 of 1st period - Brandon Dubinsky wins face-off versus Jordan Nolan in Senateurs zone.
2:00 of 1st period - Wrist shot by Todd Bertuzzi.
2:00 of 1st period - Stopped by Viktor Fasth without a rebound.
2:01 of 1st period - Boyd Devereaux wins face-off versus Daymond Langkow in Kings zone.
2:24 of 1st period - Snap shot by Daymond Langkow.
2:24 of 1st period - Stopped by Viktor Fasth with a rebound.
2:32 of 1st period - Slapshot by Anze Kopitar.
2:32 of 1st period - Shot Misses the Net.
2:34 of 1st period - Wrist shot by Anze Kopitar.
2:34 of 1st period - Deflect By Guillaume Latendresse.
2:34 of 1st period - Shot Misses the Net.
2:34 of 1st period - Puck is out of play.
2:35 of 1st period - Matt Duchene wins face-off versus Andrew Ebbett in Senateurs zone.
3:02 of 1st period - Dan Girardi is hit by Tomas Kaberle and loses puck.
3:13 of 1st period - Snap shot by Miroslav Satan.
3:13 of 1st period - Stopped by Ondrej Pavelec without a rebound.
3:14 of 1st period - Anze Kopitar wins face-off versus Gilbert Brule in Senateurs zone.
3:40 of 1st period - Drew Doughty is hit by Ales Kotalik and loses puck.
4:17 of 1st period - Off-side.
4:18 of 1st period - Brandon Dubinsky wins face-off versus Boyd Devereaux in neutral zone.
4:25 of 1st period - Wrist shot by Andy McDonald.
4:25 of 1st period - Shot Blocked by Johnny Oduya.
4:45 of 1st period - Guillaume Latendresse is hit by Jean-Pierre Dumont and loses puck.
4:56 of 1st period - Snap shot by Brenden Morrow.
4:56 of 1st period - Shot Blocked by Tomas Kaberle.
5:10 of 1st period - Kurtis Foster is hit by Andrei Kostitsyn.
5:18 of 1st period - Slapshot by Daymond Langkow.
5:18 of 1st period - Shot Misses the Net.
5:20 of 1st period - Slapshot by Todd Bertuzzi.
5:20 of 1st period - Stopped by Viktor Fasth with a rebound.
5:31 of 1st period - Dion Phaneuf is hit by Dan Girardi and loses puck.
6:40 of 1st period - Snap shot by Matt Duchene.
6:40 of 1st period - Stopped by Ondrej Pavelec with a rebound.
6:42 of 1st period - Slapshot by Johnny Oduya.
6:42 of 1st period - Stopped by Ondrej Pavelec with a rebound.
6:44 of 1st period - Snap shot by Trevor Daley.
6:44 of 1st period - Shot Blocked by Vitaly Vishnevsky.
6:56 of 1st period - Andy Hilbert is hit by Jordan Nolan and loses puck.
8:13 of 1st period - Snap shot by Andrew Ebbett.
8:13 of 1st period - Shot Blocked by Tomas Kaberle.
8:35 of 1st period - Slapshot by Ales Kotalik.
8:35 of 1st period - Deflect By Scottie Upshall.
8:35 of 1st period - Stopped by Viktor Fasth without a rebound.
8:36 of 1st period - Gilbert Brule wins face-off versus Anze Kopitar in Kings zone.
8:41 of 1st period - Wrist shot by Brenden Morrow.
8:41 of 1st period - Deflect By Jean-Pierre Dumont.
8:41 of 1st period - Shot Blocked by Trevor Daley.
8:41 of 1st period - Puck is out of play.
8:42 of 1st period - Anze Kopitar wins face-off versus Gilbert Brule in Kings zone.
8:44 of 1st period - Minor Penalty to Johnny Oduya for Cross-checking.
8:45 of 1st period - Gilbert Brule wins face-off versus Boyd Devereaux in Kings zone.
8:57 of 1st period - Wrist shot by Brenden Morrow.
8:57 of 1st period - Goal by Brenden Morrow - Senateurs : 1 - Kings : 0.
8:58 of 1st period - Gilbert Brule wins face-off versus Matt Duchene in neutral zone.
9:52 of 1st period - Martin Samuelsson is hit by Dan Girardi and loses puck.
10:08 of 1st period - Slapshot by Vladimir Mihalik.
10:08 of 1st period - Stopped by Viktor Fasth without a rebound.
10:09 of 1st period - Jean-Pierre Dumont wins face-off versus Boyd Devereaux in Kings zone.
10:28 of 1st period - Snap shot by Scottie Upshall.
10:28 of 1st period - Stopped by Ondrej Pavelec with a rebound.
10:34 of 1st period - Tomas Kaberle is hit by Kurtis Foster and loses puck.
10:43 of 1st period - Slapshot by Jean-Pierre Dumont.
10:43 of 1st period - Shot Misses the Net.
11:07 of 1st period - Slapshot by Gilbert Brule.
11:07 of 1st period - Shot Misses the Net.
11:09 of 1st period - Wrist shot by Vladimir Mihalik.
11:09 of 1st period - Stopped by Viktor Fasth without a rebound.
11:10 of 1st period - Matt Duchene wins face-off versus Daymond Langkow in Kings zone.
11:12 of 1st period - Minor Penalty to Andrei Kostitsyn for Hooking.
11:13 of 1st period - Boyd Devereaux wins face-off versus Daymond Langkow in Kings zone.
12:08 of 1st period - Scottie Upshall is hit by Vitaly Vishnevsky and loses puck.
12:45 of 1st period - Icing by Kurtis Foster.
12:46 of 1st period - Dustin Byfuglien wins face-off versus Gilbert Brule in Senateurs zone.
12:51 of 1st period - Slapshot by Dustin Byfuglien.
12:51 of 1st period - Shot Misses the Net.
13:12 of 1st period - Penalty to Andrei Kostitsyn is over, Andrei Kostitsyn is back on ice.
14:22 of 1st period - Slapshot by Vladimir Tarasenko.
14:22 of 1st period - Shot Misses the Net.
14:24 of 1st period - Slapshot by Dion Phaneuf.
14:24 of 1st period - Stopped by Ondrej Pavelec without a rebound.
14:25 of 1st period - Daymond Langkow wins face-off versus Anze Kopitar in Senateurs zone.
14:32 of 1st period - Anze Kopitar is hit by Darcy Hordichuk and loses puck.
14:56 of 1st period - Slapshot by Vitaly Vishnevsky.
14:56 of 1st period - Shot Misses the Net.
14:58 of 1st period - Backhand shot by Brenden Morrow.
14:58 of 1st period - Stopped by Viktor Fasth without a rebound.
14:59 of 1st period - Matt Duchene wins face-off versus Gilbert Brule in Kings zone.
14:59 of 1st period - Matt Duchene is hit by Jean-Pierre Dumont.
15:10 of 1st period - Snap shot by Brenden Morrow.
15:10 of 1st period - Shot Misses the Net.
15:12 of 1st period - Slapshot by Carlo Colaiacovo.
15:12 of 1st period - Stopped by Viktor Fasth without a rebound.
15:13 of 1st period - Anze Kopitar wins face-off versus Darcy Hordichuk in Kings zone.
15:13 of 1st period - Anze Kopitar is hit by Dan Hamhuis.
15:23 of 1st period - Slapshot by Anze Kopitar.
15:23 of 1st period - Stopped by Ondrej Pavelec without a rebound.
15:24 of 1st period - Anze Kopitar wins face-off versus Daymond Langkow in Senateurs zone.
15:27 of 1st period - Snap shot by Anze Kopitar.
15:27 of 1st period - Stopped by Ondrej Pavelec without a rebound.
15:28 of 1st period - Daymond Langkow wins face-off versus Anze Kopitar in Senateurs zone.
16:05 of 1st period - Slapshot by Andrei Kostitsyn.
16:05 of 1st period - Stopped by Ondrej Pavelec without a rebound.
16:06 of 1st period - Gilbert Brule wins face-off versus Anze Kopitar in Senateurs zone.
16:34 of 1st period - Icing by Daymond Langkow.
16:35 of 1st period - Darcy Hordichuk wins face-off versus Matt Duchene in Senateurs zone.
16:35 of 1st period - Darcy Hordichuk is hit by Vladimir Tarasenko.
16:43 of 1st period - Matt Duchene is hit by Daymond Langkow and loses puck.
17:06 of 1st period - Wrist shot by Johnny Oduya.
17:06 of 1st period - Stopped by Ondrej Pavelec with a rebound.
17:26 of 1st period - Snap shot by Boyd Devereaux.
17:26 of 1st period - Goal by Boyd Devereaux - Senateurs : 1 - Kings : 1.
17:27 of 1st period - Daymond Langkow wins face-off versus Matt Duchene in neutral zone.
18:17 of 1st period - Icing by B.J. Crombeen.
18:18 of 1st period - B.J. Crombeen wins face-off versus Dustin Byfuglien in Senateurs zone.
18:18 of 1st period - Minor Penalty to B.J. Crombeen for Slashing.
18:19 of 1st period - Gilbert Brule wins face-off versus Anze Kopitar in Senateurs zone.
18:54 of 1st period - Wrist shot by Matt Duchene.
18:54 of 1st period - Shot Misses the Net.
Goals for this period are 1 for Senateurs vs 1 for Kings.
Shots for this period are 9 for Senateurs vs 11 for Kings.

2nd period


0:01 of 2nd period - Anze Kopitar wins face-off versus Gilbert Brule in neutral zone.
0:18 of 2nd period - Penalty to B.J. Crombeen is over, B.J. Crombeen is back on ice.
0:26 of 2nd period - Dion Phaneuf is hit by Darcy Hordichuk and loses puck.
0:51 of 2nd period - B.J. Crombeen is hit by Andrei Kostitsyn and loses puck.
1:27 of 2nd period - Kurtis Foster is hit by Jordan Nolan and loses puck.
2:18 of 2nd period - Vladimir Mihalik is hit by Vladimir Tarasenko.
2:27 of 2nd period - Icing by Drew Doughty.
2:28 of 2nd period - Anze Kopitar wins face-off versus Gilbert Brule in Kings zone.
2:28 of 2nd period - Anze Kopitar is hit by Dan Hamhuis.
2:34 of 2nd period - Snap shot by Maxim Afinogenov.
2:34 of 2nd period - Stopped by Ondrej Pavelec without a rebound.
2:35 of 2nd period - Jordan Nolan wins face-off versus Gilbert Brule in Senateurs zone.
3:00 of 2nd period - Dion Phaneuf is hit by Dan Hamhuis and loses puck.
3:07 of 2nd period - Darcy Hordichuk is hit by Tomas Kaberle and loses puck.
3:26 of 2nd period - Slapshot by Dan Hamhuis.
3:26 of 2nd period - Stopped by Viktor Fasth without a rebound.
3:27 of 2nd period - Anze Kopitar wins face-off versus Brandon Dubinsky in Kings zone.
3:35 of 2nd period - Off-side.
3:36 of 2nd period - Anze Kopitar wins face-off versus Gilbert Brule in neutral zone.
3:39 of 2nd period - Carlo Colaiacovo is hit by Maxim Afinogenov.
4:04 of 2nd period - Snap shot by Maxim Afinogenov.
4:04 of 2nd period - Stopped by Ondrej Pavelec with a rebound.
4:18 of 2nd period - Wrist shot by Jean-Pierre Dumont.
4:18 of 2nd period - Stopped by Viktor Fasth without a rebound.
4:19 of 2nd period - Daymond Langkow wins face-off versus Matt Duchene in Kings zone.
4:26 of 2nd period - Snap shot by Matt Duchene.
4:26 of 2nd period - Stopped by Ondrej Pavelec with a rebound.
4:28 of 2nd period - Wrist shot by Vladimir Tarasenko.
4:28 of 2nd period - Goal by Vladimir Tarasenko - Senateurs : 1 - Kings : 2.
4:29 of 2nd period - Matt Duchene wins face-off versus Gilbert Brule in neutral zone.
4:44 of 2nd period - Wrist shot by Jean-Pierre Dumont.
4:44 of 2nd period - Shot Blocked by Trevor Daley.
4:54 of 2nd period - Darcy Hordichuk is hit by Miroslav Satan and loses puck.
5:45 of 2nd period - Minor Penalty to Lubomir Visnovsky for High sticking.
5:46 of 2nd period - Boyd Devereaux wins face-off versus Gilbert Brule in Kings zone.
5:46 of 2nd period - Boyd Devereaux is hit by Kurtis Foster.
6:55 of 2nd period - Backhand shot by Anze Kopitar.
6:55 of 2nd period - Shot Blocked by Carlo Colaiacovo.
7:13 of 2nd period - Darcy Hordichuk is hit by Johnny Oduya and loses puck.
7:45 of 2nd period - Penalty to Lubomir Visnovsky is over, Lubomir Visnovsky is back on ice.
7:49 of 2nd period - Wrist shot by Dustin Byfuglien.
7:49 of 2nd period - Stopped by Ondrej Pavelec with a rebound.
7:51 of 2nd period - Slapshot by Drew Doughty.
7:51 of 2nd period - Shot Blocked by Kurtis Foster.
7:53 of 2nd period - Slapshot by Drew Doughty.
7:53 of 2nd period - Deflect By Dustin Byfuglien.
7:53 of 2nd period - Shot Misses the Net.
7:53 of 2nd period - Puck is out of play.
7:54 of 2nd period - Brandon Dubinsky wins face-off versus Matt Duchene in Senateurs zone.
8:43 of 2nd period - Dion Phaneuf is hit by Brenden Morrow and loses puck.
9:00 of 2nd period - Dion Phaneuf is hit by Carlo Colaiacovo and loses puck.
9:18 of 2nd period - Slapshot by Andy McDonald.
9:18 of 2nd period - Deflect By Brandon Dubinsky.
9:18 of 2nd period - Stopped by Viktor Fasth with a rebound.
9:20 of 2nd period - Slapshot by Andy McDonald.
9:20 of 2nd period - Stopped by Viktor Fasth without a rebound.
9:21 of 2nd period - Brenden Morrow wins face-off versus Anze Kopitar in Kings zone.
9:34 of 2nd period - Wrist shot by Gilbert Brule.
9:34 of 2nd period - Stopped by Viktor Fasth without a rebound.
9:35 of 2nd period - Boyd Devereaux wins face-off versus Daymond Langkow in Kings zone.
9:42 of 2nd period - Snap shot by Trevor Daley.
9:42 of 2nd period - Deflect By Scottie Upshall.
9:42 of 2nd period - Stopped by Ondrej Pavelec without a rebound.
9:43 of 2nd period - Boyd Devereaux wins face-off versus Daymond Langkow in Senateurs zone.
9:44 of 2nd period - Wrist shot by Miroslav Satan.
9:44 of 2nd period - Deflect By Scottie Upshall.
9:44 of 2nd period - Stopped by Ondrej Pavelec without a rebound.
9:45 of 2nd period - Daymond Langkow wins face-off versus Boyd Devereaux in Senateurs zone.
11:10 of 2nd period - Wrist shot by Miroslav Satan.
11:10 of 2nd period - Stopped by Ondrej Pavelec without a rebound.
11:11 of 2nd period - Matt Duchene wins face-off versus Gilbert Brule in Senateurs zone.
11:25 of 2nd period - Wrist shot by Gilbert Brule.
11:25 of 2nd period - Stopped by Viktor Fasth without a rebound.
11:26 of 2nd period - Brandon Dubinsky wins face-off versus Anze Kopitar in Kings zone.
11:27 of 2nd period - Wrist shot by Andy McDonald.
11:27 of 2nd period - Stopped by Viktor Fasth without a rebound.
11:28 of 2nd period - Brandon Dubinsky wins face-off versus Anze Kopitar in Kings zone.
11:36 of 2nd period - Minor Penalty to B.J. Crombeen for Tripping.
11:37 of 2nd period - Gilbert Brule wins face-off versus Anze Kopitar in Senateurs zone.
13:36 of 2nd period - Penalty to B.J. Crombeen is over, B.J. Crombeen is back on ice.
13:40 of 2nd period - Icing by B.J. Crombeen.
13:41 of 2nd period - Andy Hilbert wins face-off versus Boyd Devereaux in Senateurs zone.
13:46 of 2nd period - Scottie Upshall is hit by Dan Girardi and loses puck.
13:53 of 2nd period - Snap shot by B.J. Crombeen.
13:53 of 2nd period - Deflect By Brandon Dubinsky.
13:53 of 2nd period - Stopped by Viktor Fasth with a rebound.
13:55 of 2nd period - Wrist shot by Brandon Dubinsky.
13:55 of 2nd period - Stopped by Viktor Fasth without a rebound.
13:56 of 2nd period - Gilbert Brule wins face-off versus Jordan Nolan in Kings zone.
15:07 of 2nd period - Guillaume Latendresse is hit by Daymond Langkow and loses puck.
15:16 of 2nd period - Backhand shot by Maxim Afinogenov.
15:16 of 2nd period - Shot Misses the Net.
15:30 of 2nd period - Snap shot by Martin Samuelsson.
15:30 of 2nd period - Shot Misses the Net.
15:32 of 2nd period - Slapshot by Dion Phaneuf.
15:32 of 2nd period - Stopped by Ondrej Pavelec with a rebound.
15:34 of 2nd period - Slapshot by Tomas Kaberle.
15:34 of 2nd period - Stopped by Ondrej Pavelec with a rebound.
15:36 of 2nd period - Wrist shot by Jordan Nolan.
15:36 of 2nd period - Shot Blocked by B.J. Crombeen.
16:20 of 2nd period - Todd Bertuzzi is hit by Boyd Devereaux.
16:42 of 2nd period - Slapshot by Dustin Byfuglien.
16:42 of 2nd period - Stopped by Ondrej Pavelec without a rebound.
16:43 of 2nd period - Jordan Nolan wins face-off versus Andrew Ebbett in Senateurs zone.
17:19 of 2nd period - Snap shot by Darcy Hordichuk.
17:19 of 2nd period - Stopped by Viktor Fasth without a rebound.
17:20 of 2nd period - Anze Kopitar wins face-off versus Gilbert Brule in Kings zone.
17:31 of 2nd period - Snap shot by Anze Kopitar.
17:31 of 2nd period - Stopped by Ondrej Pavelec without a rebound.
17:32 of 2nd period - Matt Duchene wins face-off versus Gilbert Brule in Senateurs zone.
17:33 of 2nd period - Wrist shot by Andrei Kostitsyn.
17:33 of 2nd period - Deflect By Gilbert Brule.
17:33 of 2nd period - Shot Misses the Net.
17:33 of 2nd period - Puck is out of play.
17:34 of 2nd period - Matt Duchene wins face-off versus Gilbert Brule in Senateurs zone.
17:55 of 2nd period - Minor Penalty to Andrei Kostitsyn for Cross-checking.
17:56 of 2nd period - Boyd Devereaux wins face-off versus Gilbert Brule in Kings zone.
18:27 of 2nd period - Wrist shot by Darcy Hordichuk.
18:27 of 2nd period - Stopped by Viktor Fasth with a rebound.
18:29 of 2nd period - Slapshot by Darcy Hordichuk.
18:29 of 2nd period - Deflect By Todd Bertuzzi.
18:29 of 2nd period - Shot Hit the Post.
18:29 of 2nd period - Puck is out of play.
18:30 of 2nd period - Gilbert Brule wins face-off versus Boyd Devereaux in Kings zone.
18:37 of 2nd period - Snap shot by Gilbert Brule.
18:37 of 2nd period - Stopped by Viktor Fasth with a rebound.
18:39 of 2nd period - Snap shot by Vitaly Vishnevsky.
18:39 of 2nd period - Stopped by Viktor Fasth without a rebound.
18:40 of 2nd period - Boyd Devereaux wins face-off versus Gilbert Brule in Kings zone.
18:48 of 2nd period - Off-side.
18:49 of 2nd period - Boyd Devereaux wins face-off versus Brenden Morrow in neutral zone.
19:55 of 2nd period - Penalty to Andrei Kostitsyn is over, Andrei Kostitsyn is back on ice.
Goals for this period are 0 for Senateurs vs 1 for Kings.
Shots for this period are 13 for Senateurs vs 12 for Kings.

3rd period


0:01 of 3rd period - Gilbert Brule wins face-off versus Guillaume Latendresse in neutral zone.
0:08 of 3rd period - Slapshot by Gilbert Brule.
0:08 of 3rd period - Shot Misses the Net.
0:35 of 3rd period - Wrist shot by Daymond Langkow.
0:35 of 3rd period - Stopped by Viktor Fasth with a rebound.
0:51 of 3rd period - Andy Hilbert is hit by Vladimir Tarasenko.
1:00 of 3rd period - Slapshot by Andrew Ebbett.
1:00 of 3rd period - Stopped by Viktor Fasth without a rebound.
1:01 of 3rd period - Guillaume Latendresse wins face-off versus Gilbert Brule in Kings zone.
1:28 of 3rd period - Wrist shot by Andy McDonald.
1:28 of 3rd period - Stopped by Viktor Fasth with a rebound.
1:32 of 3rd period - Snap shot by B.J. Crombeen.
1:32 of 3rd period - Shot Misses the Net.
1:34 of 3rd period - Snap shot by Dan Girardi.
1:34 of 3rd period - Stopped by Viktor Fasth without a rebound.
1:35 of 3rd period - Jordan Nolan wins face-off versus Brandon Dubinsky in Kings zone.
1:35 of 3rd period - Jordan Nolan is hit by B.J. Crombeen.
1:42 of 3rd period - Trevor Daley is hit by Andy McDonald and loses puck.
1:50 of 3rd period - Minor Penalty to Kurtis Foster for Boarding.
1:51 of 3rd period - Anze Kopitar wins face-off versus Gilbert Brule in Senateurs zone.
2:21 of 3rd period - Wrist shot by Guillaume Latendresse.
2:21 of 3rd period - Shot Blocked by Dan Hamhuis.
2:23 of 3rd period - Slapshot by Drew Doughty.
2:23 of 3rd period - Stopped by Ondrej Pavelec with a rebound.
2:25 of 3rd period - Slapshot by Dion Phaneuf.
2:25 of 3rd period - Stopped by Ondrej Pavelec without a rebound.
2:26 of 3rd period - Anze Kopitar wins face-off versus Daymond Langkow in Senateurs zone.
2:35 of 3rd period - Snap shot by Anze Kopitar.
2:35 of 3rd period - Shot Blocked by Carlo Colaiacovo.
2:37 of 3rd period - Wrist shot by Johnny Oduya.
2:37 of 3rd period - Stopped by Ondrej Pavelec with a rebound.
2:39 of 3rd period - Wrist shot by Anze Kopitar.
2:39 of 3rd period - Deflect By Andrei Kostitsyn.
2:39 of 3rd period - Shot Misses the Net.
2:39 of 3rd period - Puck is out of play.
2:40 of 3rd period - Anze Kopitar wins face-off versus Gilbert Brule in Senateurs zone.
2:41 of 3rd period - Snap shot by Andrei Kostitsyn.
2:41 of 3rd period - Deflect By Jordan Nolan.
2:41 of 3rd period - Stopped by Ondrej Pavelec without a rebound.
2:42 of 3rd period - Jordan Nolan wins face-off versus Gilbert Brule in Senateurs zone.
3:50 of 3rd period - Penalty to Kurtis Foster is over, Kurtis Foster is back on ice.
3:57 of 3rd period - Maxim Afinogenov is hit by Darcy Hordichuk and loses puck.
4:15 of 3rd period - Icing by Maxim Afinogenov.
4:16 of 3rd period - Brandon Dubinsky wins face-off versus Boyd Devereaux in Kings zone.
4:32 of 3rd period - Minor Penalty to B.J. Crombeen for Hooking.
4:33 of 3rd period - Gilbert Brule wins face-off versus Anze Kopitar in Senateurs zone.
4:33 of 3rd period - Gilbert Brule is hit by Andrei Kostitsyn.
5:04 of 3rd period - Off-side.
5:05 of 3rd period - Daymond Langkow wins face-off versus Matt Duchene in neutral zone.
5:21 of 3rd period - Slapshot by Matt Duchene.
5:21 of 3rd period - Shot Misses the Net.
5:31 of 3rd period - Maxim Afinogenov is hit by Carlo Colaiacovo and loses puck.
6:32 of 3rd period - Penalty to B.J. Crombeen is over, B.J. Crombeen is back on ice.
6:56 of 3rd period - Andy Hilbert is hit by Miroslav Satan and loses puck.
7:13 of 3rd period - Slapshot by B.J. Crombeen.
7:13 of 3rd period - Shot Misses the Net.
7:15 of 3rd period - Snap shot by Brandon Dubinsky.
7:15 of 3rd period - Stopped by Viktor Fasth without a rebound.
7:16 of 3rd period - Matt Duchene wins face-off versus Daymond Langkow in Kings zone.
7:23 of 3rd period - Slapshot by Darcy Hordichuk.
7:23 of 3rd period - Shot Blocked by Drew Doughty.
7:25 of 3rd period - Snap shot by Todd Bertuzzi.
7:25 of 3rd period - Stopped by Viktor Fasth with a rebound.
8:33 of 3rd period - Snap shot by Darcy Hordichuk.
8:33 of 3rd period - Shot Blocked by Dustin Byfuglien.
8:35 of 3rd period - Slapshot by Todd Bertuzzi.
8:35 of 3rd period - Shot Misses the Net.
10:07 of 3rd period - Vladimir Tarasenko is hit by Andrew Ebbett and loses puck.
10:24 of 3rd period - Boyd Devereaux is hit by Brenden Morrow and loses puck.
10:41 of 3rd period - Jordan Nolan is hit by Todd Bertuzzi and loses puck.
10:48 of 3rd period - Darcy Hordichuk is hit by Dustin Byfuglien and loses puck.
12:03 of 3rd period - Minor Penalty to Tomas Kaberle for Hooking.
12:04 of 3rd period - Boyd Devereaux wins face-off versus Gilbert Brule in Kings zone.
13:04 of 3rd period - Todd Bertuzzi is hit by Scottie Upshall.
13:43 of 3rd period - Vitaly Vishnevsky is hit by Dustin Byfuglien and loses puck.
14:03 of 3rd period - Penalty to Tomas Kaberle is over, Tomas Kaberle is back on ice.
14:12 of 3rd period - B.J. Crombeen is hit by Anze Kopitar.
14:50 of 3rd period - Martin Samuelsson is hit by Dan Girardi and loses puck.
15:27 of 3rd period - Vitaly Vishnevsky is hit by Maxim Afinogenov and loses puck.
16:20 of 3rd period - Darcy Hordichuk is hit by Dion Phaneuf and loses puck.
16:35 of 3rd period - Todd Bertuzzi is hit by Guillaume Latendresse and loses puck.
16:46 of 3rd period - Anze Kopitar is hit by Daymond Langkow and loses puck.
17:07 of 3rd period - Tomas Kaberle is hit by Kurtis Foster and loses puck.
17:14 of 3rd period - Wrist shot by B.J. Crombeen.
17:14 of 3rd period - Stopped by Viktor Fasth with a rebound.
18:03 of 3rd period - Snap shot by Ales Kotalik.
18:03 of 3rd period - Stopped by Viktor Fasth without a rebound.
18:04 of 3rd period - Andrew Ebbett wins face-off versus Anze Kopitar in Kings zone.
18:25 of 3rd period - Carlo Colaiacovo is hit by Tomas Kaberle and loses puck.
18:34 of 3rd period - Guillaume Latendresse is hit by Kurtis Foster and loses puck.
18:41 of 3rd period - Snap shot by Maxim Afinogenov.
18:41 of 3rd period - Shot Blocked by Dan Hamhuis.
18:43 of 3rd period - Snap shot by Guillaume Latendresse.
18:43 of 3rd period - Shot Blocked by Ales Kotalik.
18:45 of 3rd period - Slapshot by Lubomir Visnovsky.
18:45 of 3rd period - Shot Misses the Net.
18:47 of 3rd period - Slapshot by Anze Kopitar.
18:47 of 3rd period - Shot Misses the Net.
19:09 of 3rd period - Wrist shot by Anze Kopitar.
19:09 of 3rd period - Shot Misses the Net.
19:11 of 3rd period - Wrist shot by Guillaume Latendresse.
19:11 of 3rd period - Shot Blocked by Kurtis Foster.
19:21 of 3rd period - Wrist shot by Anze Kopitar.
19:21 of 3rd period - Shot Misses the Net.
19:23 of 3rd period - Slapshot by Tomas Kaberle.
19:23 of 3rd period - Shot Misses the Net.
19:41 of 3rd period - Snap shot by Maxim Afinogenov.
19:41 of 3rd period - Stopped by Ondrej Pavelec with a rebound.
19:52 of 3rd period - Andrew Ebbett is hit by Anze Kopitar and loses puck.
19:59 of 3rd period - Senateurs, Ondrej Pavelec is pulled from the net.
Goals for this period are 0 for Senateurs vs 0 for Kings.
Shots for this period are 8 for Senateurs vs 5 for Kings.


Output by the SimonT Hockey Simulator (STHS) for François Prévost -- Original Page W3C XHTML 1.0 Valid
Hockey Simulator - Hockey Simulation - Hockey Manager